Match 42531239
Unlisted

Match 42531239
End
Engineer Squad
Construct Barracks
Selects Special Operations Battlegroup
Riflemen Squad
Riflemen Squad
Riflemen Squad
Air Support Center
Construct Motor Pool
Riflemen Squad
Construct Medical Station
M8 Greyhound Armored Car
Riflemen Squad
M1918 Browning Automatic Rifles
M1 Anti-tank Gun Team
Grenade Package
Engineer Squad
Construct Tank Depot
P-47 Strafing Run
Selects Raiding Flares
Selects SSF Commando Squad
Selects M29 Weasel with M1 Pack Howitzer
Selects P-47 Anti-Infantry Loiter
Selects UNKNOWN (2162291)
M4A1 Sherman Medium Tank
P-47 Strafing Run
fmas3
TidaL
Cowboy
軍曹
König
CRYSIS
Shnookums
Phantom
0
0

Comments sign in to comment!

No comments posted yet!